 Dungeon Crawl Stone Soup version 0.30-a0-305-g026cb31310 (webtiles) character file.

Game seed: 11874035370905622403

146950 FirstSonOfTheMiracle the Sorcerer (level 16, -4/79 (85) HPs)
             Began as a Felid Transmuter on Oct 20, 2022.
             Was a High Priest of Vehumet.
             Killed from afar by a halazid warlock (52 damage)
             ... with a ghostly fireball
             ... in the Desolation of Salt on Oct 21, 2022.
             The game lasted 05:43:14 (70029 turns).

FirstSonOfTheMiracle the Sorcerer (FeTm)           Turns: 70029, Time: 05:43:15

HP:   -4/79 (85)    AC:  3    Str:  6    XL:     16   Next: 61%
MP:   24/42         EV: 38    Int: 24    God:    Vehumet [*****.]
Gold: 501           SH:  0    Dex: 23    Spells: 8/57 levels left
                                        Lives: 0   Deaths: 5

rFire   + . .      SeeInvis +      - Unarmed
rCold   + . .      Faith    .    (shield unavailable)
rNeg    . . .      Spirit   .    (body armour unavailable)
rPois   +          Reflect  .    (helmet unavailable)
rElec   .          Harm     .    (cloak unavailable)
rCorr   .          Rampage  .    (gloves unavailable)
Will    ++++.                    (boots unavailable)
Stlth   ++........               R - amulet of magic regeneration
HPRegen 0.33/turn                w - ring "Geskit" {Wiz rF+ Int+4}
MPRegen 0.68/turn                V - ring "Nemuake" {rPois Will++ Dex+6}

@: very slightly contaminated, drained, quick
A: very small, claws 1, fangs 3, see invisible, speed 1, shaggy fur 3, stealthy
paws, no weapons or thrown items, no armour, multi-lived, dopey 1
}: 1/15 runes: serpentine
a: Renounce Religion


You were in the Desolation of Salt.
You worshipped Vehumet.
Vehumet was extremely pleased with you.
You visited 9 branches of the dungeon, and saw 34 of its levels.
You visited 1 bazaar.
You also visited: Ossuary, Gauntlet and Desolation.

You collected 4217 gold pieces.
You spent 3716 gold pieces at shops.

Inventory:

Jewellery
 d - the amulet of Beauty {Spirit rF+ rC+ Regen+ Int-4}
   (You found it in the Desolation of Salt)

   [amulet of guardian spirit]

   It causes incoming damage to be divided between your reserves of health and
   magic.
   Int:       It affects your intelligence (-4).
   rF:        It protects you from fire.
   rC:        It protects you from cold.
   Regen:     It increases your rate of health regeneration.
 n - the ring "Etedoej" {Wiz Str+4}
   (You found it in the Desolation of Salt)

   [ring of wizardry]

   It improves your spell success rate.
   Str:       It affects your strength (+4).
 w - the ring "Geskit" (left paw) {Wiz rF+ Int+4}
   (You acquired it on level 3 of the Lair of Beasts)

   [ring of wizardry]

   It improves your spell success rate.
   Int:       It affects your intelligence (+4).
   rF:        It protects you from fire.
 y - an amulet of reflection
 H - a ring of positive energy
 K - a +6 ring of intelligence
 R - an amulet of magic regeneration (around neck)
 T - the ring of the Firefly {Wiz Dex+2}
   (You found it in the Desolation of Salt)

   [ring of wizardry]

   It improves your spell success rate.
   Dex:       It affects your dexterity (+2).
 U - the ring "Itythrad" {rElec rF+ Dex+2 Slay+3}
   (You found it in a Gauntlet)

   [ring of protection from fire]

   Dex:       It affects your dexterity (+2).
   Slay:      It affects your accuracy & damage with ranged weapons and melee
   (+3).
   rF:        It protects you from fire.
   rElec:     It insulates you from electricity.
 V - the ring "Nemuake" (right paw) {rPois Will++ Dex+6}
   (You found it in a Gauntlet)

   [ring of dexterity]

   Dex:       It affects your dexterity (+6).
   rPois:     It protects you from poison.
   Will:      It greatly increases your willpower.
 W - the ring "Soab" {Fly rF+ rC+}
   (You found it in a Gauntlet)

   [ring of protection from cold]

   rF:        It protects you from fire.
   rC:        It protects you from cold.
   Fly:       It grants you flight.
 X - the ring "Bonweh" {rF+ rN+ Dex+8}
   (You found it on level 2 of the Snake Pit)

   [ring of protection from fire]

   Dex:       It affects your dexterity (+8).
   rF:        It protects you from fire.
   rN:        It protects you from negative energy.
 Z - the ring of Jyiconip {rC- Will+ Int+6 Stlth+}
   (You found it in a Gauntlet)

   [ring of intelligence]

   Int:       It affects your intelligence (+6).
   rC:        It makes you vulnerable to cold.
   Will:      It increases your willpower.
   Stlth:     It makes you more stealthy.
Wands
 a - a wand of paralysis (28)
 x - a wand of quicksilver (18)
 B - a wand of flame (54)
 E - a wand of roots (18)
 G - a wand of digging (6)
 J - a wand of polymorph (11)
 O - a wand of mindburst (13)
Scrolls
 b - 16 scrolls of teleportation
 c - 8 scrolls of immolation
 e - 6 scrolls of fear
 f - 8 scrolls of butterflies
 h - 3 scrolls of brand weapon
 j - a scroll of blinking
 k - 2 scrolls of torment
 m - 4 scrolls of magic mapping
 r - 6 scrolls of summoning
 s - 6 scrolls of enchant armour
 u - 4 scrolls of vulnerability
 v - 5 scrolls of enchant weapon
 C - 6 scrolls of noise
 D - a scroll of poison
 I - 2 scrolls of silence
 S - a scroll of amnesia
 Y - 20 scrolls of identify
Potions
 g - 5 potions of curing
 i - 8 potions of haste
 o - 3 potions of mutation
 p - 7 potions of attraction
 q - 7 potions of flight
 t - 7 potions of brilliance
 z - 3 potions of berserk rage
 A - 3 potions of ambrosia
 F - 2 potions of magic
 M - 2 potions of invisibility
 N - 3 potions of might
 P - 3 potions of cancellation
Miscellaneous
 l - a phantom mirror
 L - a box of beasts
 Q - a tin of tremorstones (2/2)


   Skills:
 - Level 18.0 Fighting
 - Level 20.2 Dodging
 - Level 3.0 Unarmed Combat
 - Level 21.0 Spellcasting
 - Level 8.0 Conjurations
 - Level 13.0 Hexes
 - Level 12.0 Summonings
 - Level 8.0 Transmutations
 + Level 1.7 Fire Magic


You had 8 spell levels left.
You knew the following spells:

 Your Spells              Type           Power      Damage    Failure   Level
a - Fulminant Prism       Conj/Hex       33%        3d16      1%          4
b - Summon Mana Viper     Hex/Summ       71%        N/A       1%          5
c - Summon Cactus Giant   Summ           35%        N/A       1%          6
d - Spellforged Servitor  Conj/Summ      32%        N/A       3%          7
e - Ozocubu's Armour      Ice            25%        N/A       1%          3
f - Tukima's Dance        Hex            73%        N/A       1%          3
g - Yara's Violent Unrav  Hex/Tmut       33%        3d14      1%          5
h - Ensorcelled Hibernat  Hex/Ice        100%       N/A       1%          2
i - Ignite Poison         Fire/Tmut/Pois 40%        N/A       1%          3
j - Foxfire               Conj/Fire      100%       2x1d9     1%          1
k - Dazzling Flash        Conj/Hex       100%       N/A       1%          3
l - Arcjolt               Conj/Air       22%        1d32      1%          5
m - Beastly Appendage     Tmut           100%       N/A       1%          1
n - Magic Dart            Conj           100%       1d8       1%          1

Your spell library contained the following spells:

 Spells                   Type           Power      Damage    Failure   Level
 Ignition                 Fire           16%        3d7       98%         8
 Maxwell's Capacitive Co  Air            12%        ∞         99%         8
 Chain Lightning          Conj/Air       22%        3d29      100%        9
 Call Imp                 Summ           70%        N/A       0%          2
 Apportation              Tloc           50%        N/A       1%          1
 Freeze                   Ice            100%       1d10      1%          1
 Shock                    Conj/Air       100%       1d9       1%          1
 Cigotuvi's Dreadful Rot  Necr/Pois/Air  50%        N/A       1%          2
 Momentum Strike          Conj/Tloc      88%        3d10      1%          2
 Poisonous Vapours        Pois/Air       50%        N/A       1%          2
 Searing Ray              Conj           100%       2d8       1%          2
 Wereblood                Tmut           59%        N/A       1%          2
 Call Canine Familiar     Summ           70%        N/A       1%          3
 Frozen Ramparts          Ice            50%        1d8       1%          3
 Gell's Gravitas          Tloc           25%        N/A       1%          3
 Hailstorm                Conj/Ice       44%        3d10      1%          3
 Inner Flame              Hex/Fire       57%        N/A       1%          3
 Mephitic Cloud           Conj/Pois/Air  37%        N/A       1%          3
 Spider Form              Tmut/Pois      44%        N/A       1%          3
 Summon Guardian Golem    Hex/Summ       71%        N/A       1%          3
 Teleport Other           Tloc           25%        N/A       1%          3
 Anguish                  Hex/Necr       27%        N/A       1%          4
 Ice Form                 Ice/Tmut       44%        N/A       1%          4
 Leda's Liquefaction      Hex/Erth       27%        N/A       1%          4
 Blade Hands              Tmut           29%        N/A       1%          5
 Fireball                 Conj/Fire      24%        3d11      1%          5
 Freezing Cloud           Conj/Ice/Air   18%        6-21      1%          5
 Lightning Bolt           Conj/Air       22%        1d37      1%          5
 Silence                  Hex/Air        27%        N/A       1%          5
 Summon Forest            Summ/Tloc      26%        N/A       1%          5
 Alistair's Intoxication  Tmut/Pois      29%        N/A       3%          5
 Conjure Ball Lightning   Conj/Air       22%        3x3d6     6%          6
 Eringya's Noxious Bog    Tmut/Pois      22%        N/A       6%          6
 Iron Shot                Conj/Erth      22%        9d5       6%          6
 Orb of Destruction       Conj           29%        9d9       6%          7
 Passage of Golubria      Tloc           25%        N/A       7%          4
 Haunt                    Necr/Summ      26%        N/A       43%         7
 Dispersal                Tloc           12%        N/A       67%         6
 Simulacrum               Ice/Necr       12%        N/A       67%         6
 Storm Form               Tmut/Air       22%        N/A       69%         7
 Ozocubu's Refrigeration  Ice            12%        4d10      73%         7
 Necromutation            Tmut/Necr      22%        N/A       100%        8
 Fire Storm               Conj/Fire      24%        8d6       100%        9
 Polar Vortex             Ice            12%        N/A       100%        9
 Portal Projectile        Hex/Tloc       Unusable   N/A       N/A         3
 Animate Armour           Summ/Erth      Unusable   N/A       N/A         4

Dungeon Overview and Level Annotations

Branches:
Dungeon (15/15) Zot: 23343  Temple (1/1) D:5 Zot: 5836    Lair (5/5) D:8 Zot: 20411
 Shoals (1/4) Lair:3 Zot: 5986   Snake (4/4) Lair:2 Zot: 14539   Slime (0/5) Lair:4
    Orc (2/2) D:10 Zot: 8526     Elf (3/3) Orc:2 Zot: 14645  Vaults (2/5) D:13 Zot: 14519
 Depths (1/4) D:15 Zot: 5998 Ossuary (visited)         Desolation (1/1) Zot: 10019
Gauntlet (visited)
  Crypt: Vaults:2-3

Altars:
Ashenzari
Cheibriados
Dithmenos
Elyvilon
Fedhas
Gozag
Hepliaklqana
Kikubaaqudgha
Makhleb
Nemelex Xobeh
Okawaru
Qazlal
Ru
Sif Muna
Trog
Uskayaw
Vehumet
Wu Jian
Xom
Yredelemnul
Zin
The Shining One
Jiyva

Shops:
D:4 [   D:8 (   D:12 [   D:14 [   Orc:2 ([=*!(?=   Elf:1 ?!=?   Snake:1 =::*
Snake:4 (*

Portals:
Trove: Elf:1 (give horn of Geryon)

Annotations:
D:10 Jorgrun
D:12 Frances
Snake:2 2 transporters, caelrath's ghost, adept GrMo
Elf:2 Agnes
Elf:3 1 runed translucent door, exclusions: door and 1 more exclusion, Kinoniko's ghost, adept MiBe


Innate Abilities, Weirdness & Mutations

You have sharp claws.
You have razor-sharp teeth.
You have supernaturally acute eyesight. (SInv)
You cover ground quickly. (Speed+)
Your thick and shaggy fur keeps you warm. (AC +3, rC+)
Your paws help you pounce on unaware monsters.
You are incapable of wielding weapons or throwing items.
You cannot wear armour.
You gain extra lives every three experience levels.
You are dopey. (Int -2)


Message History

You carefully extract the barbed spikes from your body.
You miscast Spellforged Servitor.
You are very lightly contaminated with residual magic.
A fistful of eyes flickers past your view.
A nameless horror comes into view.
The air resumes its normal movements.
Your cactus giant barely misses the saltling.
You feel better.
You scratch the saltling.
The saltling is lightly damaged.
Your mana viper barely misses the saltling.
The saltling misses you.
Your mana viper barely misses the saltling.
The nameless horror completely misses you.
You scratch the saltling but do no damage.
The saltling is lightly damaged.
The halazid warlock touches you but does no damage.
The peacekeeper completely misses your mana viper.
The peacekeeper claws your mana viper. The saltling misses you.
Your mana viper bites the peacekeeper but does no damage.
Something barely misses your spellforged servitor.
Your spellforged servitor casts a spell.
Your spellforged servitor emits a burst of electricity!
Vehumet accepts your kill.
You feel a bit more experienced.
You hear a roar!
You scratch the saltling but do no damage.
The saltling is lightly damaged.
The peacekeeper misses your mana viper.
The peacekeeper claws your mana viper but does no damage.
Something bites your spellforged servitor but does no damage.
Something closely misses your spellforged servitor.
Your mana viper bites the peacekeeper.
Send 'em back where they came from!
Your cactus giant shudders.
Your mana viper shudders.
The halazid warlock casts a spell at the nameless horror.
The nameless horror's animating energy erupts into ghostly fire!
The ghostly flame explodes!
The ghostly fireball engulfs you!!!
You feel drained.
Ouch! That really hurt!
You die...

##...........#...#...............
.[.........#..##.##..#...........
...##).....##.#...#.##......##...
#..##...........#..#.............
#...........#.#[..#.##...........
...........#[.##..#..#...........
.............#......=............
#..........#..)#L#[.[#...........
.#.........##.##@#####...)..#....
...9.....9....C9S................
....Sa.........9..)..............
#################################
#################################
#################################
#################################
#################################
#################################


You could see a halazid warlock, a peacekeeper (ally target), a saltling (ally
target), a friendly spellforged servitor (summoned), a friendly mana viper
(summoned) and a friendly cactus giant (summoned).

Vanquished Creatures
  2 vault guards
  A hydra (Lair:3)
  A centaur warrior (D:13)
  2 anacondas
  A deep elf knight (Elf:2)
  2 deep trolls (Vaults:1)
  A deep elf archer (Elf:2)
  A mana viper (Snake:2)
  A deep elf zephyrmancer (Elf:2)
  An ugly thing (D:15)
  A salamander (Snake:4)
  5 elephants (Lair:4)
  5 black mambas
  Joseph (D:8)
  2 cane toads
  A torpor snail (Lair:5)
  An unseen horror (D:10)
  A yaktaur (Vaults:1)
  A freezing wraith (D:15)
  5 komodo dragons
  A hornet (D:9)
  A polar bear (Lair:3)
  3 trolls
  A saltling (Desolation)
  A nameless horror (Elf:3)
  2 slime creatures (Vaults:2)
  2 dream sheep
  2 wraiths (D:10)
  27 yaks
  Grum (Lair:1)
  A basilisk (Lair:1)
  2 fire bats (Lair:2)
  A human (Lair:4)
  A fire elemental (Lair:2)
  A vampire mosquito (D:13)
  A steam dragon (Lair:4)
  2 nagas (Snake:1)
  A warg (Orc:2)
  An acid dragon (D:9)
  8 water moccasins
  2 sky beasts
  An ice beast (D:7)
  2 black bears
  3 ogres
  7 orc warriors
  2 centaurs
  4 scorpions
  10 bullfrogs
  3 wights (D:10)
  32 killer bees (D:9)
  A howler monkey (D:5)
  A crimson imp (D:5)
  A bullfrog zombie (Ossuary)
  A hound (D:3)
  8 orc priests
  A jelly (D:7)
  2 iguanas
  11 orc wizards
  8 mummies
  A howler monkey zombie (Ossuary)
  Robin (D:3)
  5 gnolls
  8 adders
  A river rat (Lair:5)
  An ufetubus (D:4)
  A worm (D:4)
  5 dart slugs
  36 orcs
  6 ball pythons
  3 endoplasms
  2 giant cockroaches
  9 hobgoblins
  6 jackals
  2 kobolds
  2 quokkas (D:2)
  2 bats (D:3)
  4 frilled lizards
  11 goblins
  3 rats
  A fulminant prism (D:9)
306 creatures vanquished.

Vanquished Creatures (collateral kills)
  Asterion (Snake:2)
  A deep elf blademaster (Elf:3)
  The ghost of crabbyslav the Severer, an adept MiMo of Makhleb (Snake:4)
  Gastronok (D:11)
  Kirke (Lair:4)
  Aizul (Snake:3)
  3 nagarajas
  A fire giant (Vaults:1)
  2 imperial myrmidons (Desolation)
  6 vault wardens (Vaults:1)
  Louise (Elf:3)
  A deep elf sorcerer (Elf:1)
  A deep elf elementalist (Elf:1)
  2 very ugly things
  10 ironbound preservers
  3 ironbound thunderhulks (Vaults:1)
  Nessos (Orc:2)
  4 halazid warlocks (Desolation)
  The ghost of flinch the Prestidigitator, a journeyman OpNe of Kikubaaqudgha (Lair:5)
  A deep elf annihilator (Elf:3)
  Azrael (Orc:2)
  A minotaur (Gauntlet)
  Snorg (D:11)
  2 crystal guardians (Desolation)
  2 ettins (Vaults:2)
  A deep elf death mage (Elf:3)
  Josephine (D:14)
  4 ragged hierophants (Desolation)
  2 entropy weavers (Vaults:1)
  Fannar (D:12)
  Erolcha (Orc:1)
  3 great orbs of eyes
  5 servants of whispers (Desolation)
  6 vault guards
  11 centaur warriors
  A ghost crab (Gauntlet)
  An ice dragon (Lair:5)
  3 yaktaur captains (Vaults:1)
  5 hydras
  6 peacekeepers (Desolation)
  2 salamander tyrants (Snake:4)
  An ironbound frostheart (Vaults:1)
  A death knight (D:14)
  A hell beast (Gauntlet)
  23 dancing weapons
  11 anacondas
  7 two-headed ogres
  6 boulder beetles
  6 death yaks
  12 naga warriors
  2 tengu warriors
  Sonja (D:11)
  Urug (Lair:3)
  8 shock serpents
  17 deep elf knights
  11 naga sharpshooters
  Nergalle (Orc:1)
  Lodul (D:12)
  5 skeletal warriors
  A salamander mystic (Snake:4)
  A glowing orange brain (Vaults:1)
  5 naga ritualists
  7 wizards
  9 lindwurms
  26 deep trolls
  16 deep elf archers
  A necromancer (D:15)
  2 orc knights
  6 ironbound convokers
  6 mana vipers
  24 deep elf pyromancers
  28 deep elf zephyrmancers
  14 orc sorcerers
  16 ugly things
  3 cyclopes
  4 salamanders
  2 manticores (D:15)
  7 elephants
  A centaur zombie (D:15)
  7 vault sentinels
  30 black mambas
  A black mamba (shapeshifter) (D:15)
  3 gargoyles
  A molten gargoyle (Desolation)
  4 guardian serpents
  4 torpor snails (Lair:5)
  19 naga magi
  3 komodo dragons
  4 cane toads
  2 efreet (D:15)
  13 yaktaurs
  A freezing wraith (D:15)
  Psyche (D:12)
  2 unseen horrors (D:12)
  A rime drake (Lair:5)
  2 tengu conjurers (D:13)
  3 polar bears
  A troll (D:11)
  33 saltlings (Desolation)
  A tarantella (shapeshifter) (D:15)
  3 tyrant leeches (Lair:5)
  18 slime creatures
  6 hornets (Lair:5)
  A dream sheep (shapeshifter) (D:15)
  9 dream sheep
  A culicivora (shapeshifter) (D:13)
  3 vampires
  A water elemental (Elf:1)
  6 wraiths
  A wyvern (Lair:3)
  4 hogs (Lair:4)
  A hog (shapeshifter) (D:15)
  A yak (shapeshifter) (D:15)
  A basilisk (D:14)
  17 yaks
  4 fire elementals
  5 fire bats
  7 vampire mosquitoes
  32 nagas
  4 wargs (Orc:2)
  2 water moccasins (Lair:5)
  2 acid dragons
  5 hell hounds
  A two-headed ogre zombie (Orc:1)
  7 orc warriors
  A black bear (Lair:2)
  5 wolves
  6 centaurs (D:12)
  25 ogres
  3 bullfrogs
  2 earth elementals
  11 nameless horrors
  5 howler monkeys
  A lava snake (Lair:2)
  8 orc priests
  2 hell rats (Lair:5)
  27 orc wizards
  A gnoll (D:6)
  6 river rats (Lair:5)
  37 orcs
815 creatures vanquished.

Vanquished Creatures (others)
  A wizard (D:15)
  A deep elf zephyrmancer (Elf:1)
  A wolf spider simulacrum (D:15)
  A human (Lair:4)
  A yak (Lair:3)
  A water moccasin (Lair:4)
  19 dancing weapons
  A nameless horror (Desolation)
  A bullfrog (Lair:1)
  A boggart skeleton (D:15)
  3 demonic plants (Gauntlet)
  212 fulminant prisms
  56 fungi
  85 plants
  2 withered plants (Lair:5)
386 creatures vanquished.

Grand Total: 1507 creatures vanquished

Notes
Turn   | Place    | Note
-------+----------+-------------------------------------------
     0 | D:1      | FirstSonOfTheMiracle the Felid Transmuter began the quest
                  | for the Orb.
     0 | D:1      | Reached XP level 1. HP: 9/9 MP: 4/4
   474 | D:1      | Learned a level 1 spell: Magic Dart
   589 | D:1      | Reached XP level 2. HP: 13/13 MP: 4/6
   999 | D:2      | Reached skill level 1 in Conjurations
  1041 | D:2      | Found a burning altar of Makhleb.
  1241 | D:2      | Reached XP level 3. HP: 16/16 MP: 4/7
  1580 | D:2      | Reached skill level 3 in Spellcasting
  1851 | D:3      | Noticed Robin
  2172 | D:2      | Reached XP level 4. HP: 11/19 MP: 3/9
  2181 | D:2      | Learned a level 4 spell: Fulminant Prism
  2348 | D:3      | Reached skill level 1 in Hexes
  2631 | D:2      | Reached XP level 5. HP: 11/24 MP: 3/10
  3975 | D:3      | Gained mutation: You are covered in thick fur. (AC +2)
                  | [Felid growth]
  3975 | D:3      | Reached XP level 6. HP: 18/28 MP: 5/11
  4091 | D:3      | Killed Robin
  4276 | D:4      | Found Guutsuso's Antique Armour Emporium.
  4401 | D:4      | Learned a level 3 spell: Tukima's Dance
  5332 | D:4      | Reached skill level 5 in Hexes
  5511 | D:5      | Entered Level 5 of the Dungeon
  5568 | D:5      | Noticed a sky beast
  5764 | D:4      | Killed a sky beast
  6546 | D:5      | Found a staircase to the Ecumenical Temple.
  6560 | Temple   | Entered the Ecumenical Temple
  6627 | D:5      | Reached XP level 7. HP: 31/31 MP: 3/12
  7203 | D:6      | Reached skill level 4 in Spellcasting
  7334 | D:6      | Found a sand-covered staircase.
  7358 | Ossuary  | Entered an ossuary
  7943 | D:6      | Found an ancient bone altar of Kikubaaqudgha.
  8030 | D:6      | Reached XP level 8. HP: 12/36 MP: 15/15
  8877 | D:6      | Reached skill level 5 in Fighting
  9220 | D:7      | Reached skill level 5 in Spellcasting
  9579 | D:7      | Found a bloodstained altar of Trog.
  9960 | D:7      | Reached skill level 6 in Spellcasting
 10110 | D:8      | Found Ikhlor's Antique Weapon Boutique.
 10159 | D:8      | Reached skill level 5 in Dodging
 10174 | D:8      | Noticed Joseph
 10191 | D:8      | Killed Joseph
 10192 | D:8      | Reached XP level 9. HP: 20/40 MP: 9/19
 10403 | D:8      | Reached skill level 5 in Conjurations
 10792 | D:5      | Found a shimmering altar of Xom.
 10793 | D:5      | Found a burning altar of Makhleb.
 11590 | D:8      | Identified the +1 leather armour of True Grit {Dex+3
                  | Slay+5}
 11666 | D:8      | Reached skill level 7 in Spellcasting
 11829 | D:8      | Found a radiant altar of Vehumet.
 11835 | D:8      | Became a worshipper of Vehumet
 12003 | D:8      | Reached skill level 10 in Hexes
 12320 | D:8      | Found a staircase to the Lair.
 12780 | D:9      | Reached XP level 10. HP: 18/47 MP: 12/22
 12794 | D:9      | Reached skill level 8 in Spellcasting
 12959 | D:9      | Paralysed by a hornet for 3 turns
 12961 | D:9      | Slain by a hornet
 12962 | D:9      | Reached XP level 9. HP: -5/43 MP: 8/22
 13359 | D:9      | Reached * piety under Vehumet
 13359 | D:9      | Offered knowledge of Foxfire by Vehumet.
 13362 | D:9      | Learned a level 1 spell: Foxfire
 13721 | D:9      | Noticed a troll
 13723 | D:9      | Noticed a troll
 13723 | D:9      | Noticed an elephant
 13729 | D:9      | Noticed a troll
 13729 | D:9      | Noticed a troll
 13878 | D:9      | Noticed a troll
 14085 | D:9      | Noticed a troll
 14109 | D:9      | Killed a troll
 14369 | D:9      | Found a glowing golden altar of the Shining One.
 14507 | D:9      | Found a sacrificial altar of Ru.
 14681 | D:10     | Entered Level 10 of the Dungeon
 14772 | D:10     | Noticed an unseen horror
 14786 | D:10     | Killed an unseen horror
 14787 | D:10     | Reached XP level 10. HP: 25/49 MP: 2/23
 15044 | D:10     | Found an ornate altar of the Wu Jian Council.
 15044 | D:10     | Found an opulent altar of Gozag.
 15044 | D:10     | Found a hazy altar of Hepliaklqana.
 15401 | D:10     | Reached skill level 9 in Spellcasting
 15486 | D:10     | Learned a level 5 spell: Summon Mana Viper
 15614 | D:10     | Found a staircase to the Orcish Mines.
 15698 | D:10     | Found a glowing silver altar of Zin.
 15935 | Orc:1    | Entered Level 1 of the Orcish Mines
 15952 | Orc:1    | Noticed Jorgrun
 16044 | Lair:1   | Entered Level 1 of the Lair of Beasts
 16209 | Lair:1   | Reached skill level 10 in Spellcasting
 16408 | Lair:1   | Reached skill level 1 in Summonings
 16804 | Lair:1   | Noticed a cane toad
 16811 | Lair:1   | Killed a cane toad
 17084 | Lair:1   | Noticed Grum
 17110 | Lair:1   | Killed Grum
 17425 | Lair:1   | Reached XP level 11. HP: 53/53 MP: 16/26
 17574 | Lair:1   | Reached skill level 5 in Summonings
 17989 | Lair:2   | Found a staircase to the Snake Pit.
 18007 | Lair:1   | Reached ** piety under Vehumet
 18110 | Lair:2   | Offered knowledge of Shock by Vehumet.
 18284 | Lair:2   | Reached skill level 10 in Fighting
 18976 | Lair:2   | Reached skill level 11 in Spellcasting
 19008 | Lair:2   | Identified the +4 mace "Conservator" {freeze, Fly}
 19500 | Lair:3   | Offered knowledge of Dazzling Flash by Vehumet.
 19827 | Lair:3   | Noticed an eight-headed hydra
 19838 | Lair:3   | Killed an eight-headed hydra
 19839 | Lair:3   | Reached skill level 12 in Spellcasting
 19971 | Lair:3   | Reached *** piety under Vehumet
 19972 | Lair:3   | Gained mutation: Your thick and shaggy fur keeps you warm.
                  | (AC +3, rC+) [Felid growth]
 19972 | Lair:3   | Reached XP level 12. HP: 58/58 MP: 11/29
 20352 | Lair:3   | Found a staircase to the Shoals.
 20372 | Lair:3   | Noticed Urug
 20917 | Lair:3   | Killed Urug
 21302 | Lair:4   | Noticed Kirke
 21347 | Lair:4   | Killed Kirke
 21610 | Lair:4   | Found a viscous altar of Jiyva.
 21610 | Lair:4   | Found a staircase to the Slime Pits.
 21701 | Lair:4   | Learned a level 3 spell: Dazzling Flash
 21704 | Lair:4   | Learned a level 2 spell: Ensorcelled Hibernation
 22147 | Lair:4   | Reached skill level 10 in Dodging
 22420 | Lair:5   | Entered Level 5 of the Lair of Beasts
 22457 | Lair:5   | Noticed a death yak
 22457 | Lair:5   | Noticed a death yak
 22463 | Lair:5   | Offered knowledge of Ignite Poison by Vehumet.
 22471 | Lair:5   | Noticed a boulder beetle
 22536 | Lair:4   | Killed a death yak
 22736 | Lair:5   | Noticed a four-headed hydra
 22759 | Lair:5   | Killed a four-headed hydra
 22911 | Lair:5   | Found a runed translucent door.
 22911 | Lair:5   | Noticed flinch's ghost (journeyman OpNe)
 23000 | Lair:5   | Noticed a death yak
 23001 | Lair:5   | Noticed a death yak
 23051 | Lair:5   | Killed a death yak
 23145 | Lair:5   | Found a runed translucent door.
 23145 | Lair:5   | Noticed an ice dragon
 23301 | Lair:5   | Reached XP level 13. HP: 57/63 MP: 12/30
 23852 | Lair:5   | Reached **** piety under Vehumet
 23950 | Lair:4   | Learned a level 3 spell: Ignite Poison
 23957 | Lair:4   | Learned a level 6 spell: Summon Cactus Giant
 24223 | Lair:5   | Offered knowledge of Yara's Violent Unravelling by Vehumet.
 24233 | Lair:5   | Reached skill level 13 in Spellcasting
 25062 | Lair:5   | Killed flinch's ghost
 25732 | Lair:5   | Learned a level 5 spell: Yara's Violent Unravelling
 26583 | D:11     | Noticed Sonja
 26602 | D:11     | Killed Sonja
 26897 | D:11     | Noticed Gastronok
 26911 | D:11     | Killed Gastronok
 27557 | D:12     | Noticed Lodul
 27701 | D:12     | Found Weisot's Antique Armour Boutique.
 27709 | D:12     | Noticed Psyche
 27739 | D:12     | Noticed Snorg
 27834 | D:11     | HP: 2/64 [Snorg (4)]
 28151 | D:11     | Killed Snorg
 28152 | D:11     | Reached skill level 14 in Spellcasting
 28199 | D:12     | Noticed Fannar
 28232 | D:12     | Killed Lodul
 28444 | D:12     | Reached ***** piety under Vehumet
 28445 | D:12     | Reached XP level 14. HP: 63/69 MP: 19/33
 28450 | D:12     | Offered knowledge of Arcjolt by Vehumet.
 28722 | D:12     | Noticed Frances
 28743 | D:12     | Reached skill level 10 in Summonings
 29443 | D:12     | Killed Fannar
 29728 | D:12     | Killed Psyche
 31002 | D:13     | Found a gate to the Vaults.
 31898 | D:14     | Found Yraxtoics's Armour Shoppe.
 31929 | D:14     | Found a gate leading to a gauntlet.
 32013 | Gauntlet | Entered a Gauntlet
 32013 | Gauntlet | Found a transporter.
 32015 | Gauntlet | Found a runed translucent door.
 32016 | Gauntlet | Found a transporter.
 32030 | Gauntlet | Found a runed translucent door.
 32032 | Gauntlet | Found a transporter.
 32036 | Gauntlet | Found a transporter.
 32056 | Gauntlet | Found a transporter.
 32069 | Gauntlet | Found a transporter.
 32082 | Gauntlet | Found a transporter.
 32099 | Gauntlet | Found a transporter.
 32103 | Gauntlet | Found a transporter.
 32112 | Gauntlet | Found a transporter.
 32143 | Gauntlet | Found a transporter.
 32143 | Gauntlet | Found a transporter.
 32315 | Gauntlet | Learned a level 5 spell: Arcjolt
 32319 | Gauntlet | Learned a level 3 spell: Ozocubu's Armour
 32366 | Gauntlet | Identified the ring "Itythrad" {rElec rF+ Dex+2 Slay+3}
 32509 | Gauntlet | Reached skill level 15 in Spellcasting
 32512 | Gauntlet | Identified the ring "Nemuake" {rPois Will++ Dex+6}
 32641 | Gauntlet | Hit by a javelin thrown by a minotaur
 32642 | Gauntlet | Reached XP level 13. HP: -7/66 MP: 28/33
 32919 | Gauntlet | Identified the ring "Soab" {Fly rF+ rC+}
 32950 | Gauntlet | Identified the ring of Jyiconip {rC- Will+ Int+6 Stlth+}
 33212 | Gauntlet | Killed a minotaur
 33671 | D:14     | Noticed Josephine
 33954 | D:14     | Killed Josephine
 34072 | D:14     | Offered knowledge of Conjure Ball Lightning by Vehumet.
 34073 | D:14     | Reached XP level 14. HP: 70/70 MP: 29/34
 34256 | D:15     | Entered Level 15 of the Dungeon
 34522 | D:15     | Reached skill level 15 in Dodging
 36490 | D:15     | Got the Disquisition on Dimensional Misery
 36661 | D:15     | Found a staircase to the Depths.
 36666 | Depths:1 | Entered Level 1 of the Depths
 36666 | Depths:1 | Noticed a fire giant
 38044 | Orc:1    | Noticed Erolcha
 38063 | Orc:1    | Killed Erolcha
 38138 | Orc:1    | Reached skill level 5 in Transmutations
 38429 | Orc:2    | Entered Level 2 of the Orcish Mines
 38429 | Orc:2    | Found a staircase to the Elven Halls.
 38450 | Orc:2    | Found Waodysh's Magic Scroll Emporium.
 38463 | Orc:2    | Bought a scroll of teleportation for 48 gold pieces
 38463 | Orc:2    | Bought a scroll of teleportation for 48 gold pieces
 38513 | Orc:2    | Found Xefocemeri's Distillery.
 38521 | Orc:2    | Bought a potion of heal wounds for 90 gold pieces
 38521 | Orc:2    | Bought a potion of curing for 54 gold pieces
 38521 | Orc:2    | Bought a potion of curing for 54 gold pieces
 38521 | Orc:2    | Bought a potion of heal wounds for 90 gold pieces
 38521 | Orc:2    | Bought a potion of heal wounds for 90 gold pieces
 38521 | Orc:2    | Bought a potion of invisibility for 144 gold pieces
 38522 | Orc:2    | Noticed Azrael
 38584 | Orc:2    | Killed Azrael
 38784 | Orc:2    | Found Ebiaq's Weapon Shoppe.
 38822 | Orc:2    | Found Ganogesokh's Jewellery Shoppe.
 38852 | Orc:2    | Noticed Nessos
 38880 | Orc:2    | Killed Nessos
 39486 | Orc:2    | Found Giunydgh's Jewellery Boutique.
 39852 | Orc:2    | Found Noschai's General Store.
 39852 | Orc:2    | Found Selaen's Magic Scroll Boutique.
 39858 | Orc:2    | Bought a potion of curing for 39 gold pieces
 39952 | Orc:2    | Offered knowledge of Lee's Rapid Deconstruction by Vehumet.
 39989 | Orc:2    | Found Tijaowk's Weapon Shoppe.
 39989 | Orc:2    | Found Uplog's Antique Armour Boutique.
 40207 | Orc:2    | Reached XP level 15. HP: 75/75 MP: 31/35
 40377 | Orc:2    | Bought a potion of haste for 180 gold pieces
 40377 | Orc:2    | Bought a potion of brilliance for 72 gold pieces
 40408 | Orc:2    | Bought a scroll of identify for 26 gold pieces
 40408 | Orc:2    | Bought a potion of magic for 104 gold pieces
 40417 | Orc:2    | Bought a scroll of identify for 26 gold pieces
 40417 | Orc:2    | Bought a scroll of fear for 52 gold pieces
 40417 | Orc:2    | Bought a scroll of magic mapping for 97 gold pieces
 40417 | Orc:2    | Bought a scroll of teleportation for 39 gold pieces
 40417 | Orc:2    | Bought a scroll of identify for 26 gold pieces
 40417 | Orc:2    | Bought a scroll of teleportation for 39 gold pieces
 40417 | Orc:2    | Bought a scroll of teleportation for 39 gold pieces
 40417 | Orc:2    | Bought a scroll of immolation for 52 gold pieces
 40526 | Orc:2    | Bought a scroll of identify for 32 gold pieces
 40526 | Orc:2    | Bought a scroll of identify for 32 gold pieces
 40526 | Orc:2    | Bought a scroll of identify for 32 gold pieces
 40526 | Orc:2    | Bought a scroll of identify for 32 gold pieces
 40526 | Orc:2    | Bought a scroll of identify for 32 gold pieces
 40526 | Orc:2    | Bought a scroll of noise for 16 gold pieces
 40532 | Orc:1    | Noticed Nergalle
 40543 | Orc:1    | Killed Nergalle
 40936 | Snake:1  | Entered Level 1 of the Snake Pit
 41844 | Snake:1  | Found Eguogrum's Jewellery Shop.
 41844 | Snake:1  | Found Izoohaca's Book Emporium.
 41845 | Snake:1  | Found Gopeiw's Book Emporium.
 41934 | Snake:1  | Reached skill level 15 in Fighting
 42740 | Snake:1  | Found Inialaoz's Assorted Antiques.
 42747 | Snake:1  | Bought a scroll labelled EGGEEL HIT ATZ for 35 gold pieces
 42747 | Snake:1  | Bought a scroll of identify for 70 gold pieces
 42747 | Snake:1  | Bought a scroll of noise for 35 gold pieces
 42747 | Snake:1  | Bought a potion of might for 140 gold pieces
 43622 | Snake:2  | Noticed a nagaraja
 43654 | Snake:2  | Killed a nagaraja
 43786 | Snake:2  | Found a transporter.
 43879 | Snake:2  | Noticed Asterion
 43901 | Snake:2  | Gained mutation: You are dopey. (Int -2) [a cacodemon]
 43905 | Snake:2  | Killed Asterion
 43906 | Snake:2  | Reached skill level 16 in Spellcasting
 44365 | Snake:2  | Found a transporter.
 44646 | Snake:2  | Noticed caelrath's ghost (adept GrMo)
 44660 | Snake:2  | Identified the ring "Bonweh" {rF+ rN+ Dex+8}
 45398 | Snake:3  | Noticed Aizul
 45422 | Snake:3  | Killed Aizul
 46615 | Snake:3  | Reached XP level 16. HP: 81/81 MP: 30/37
 46919 | Snake:4  | Entered Level 4 of the Snake Pit
 47024 | Snake:4  | Found a broken altar of Ashenzari.
 47321 | Snake:4  | Reached skill level 17 in Spellcasting
 47745 | Snake:4  | Found Oveoz's General Store.
 47751 | Snake:4  | Bought a scroll of identify for 30 gold pieces
 47751 | Snake:4  | Found Bestoego's Antique Weapon Shop.
 48003 | Snake:4  | Found a runed translucent door.
 48004 | Snake:4  | Noticed crabbyslav's ghost (adept MiMo)
 48941 | Snake:4  | Offered knowledge of Spellforged Servitor by Vehumet.
 50005 | Snake:4  | Got a serpentine rune of Zot
 50711 | Snake:3  | Reached skill level 18 in Spellcasting
 51171 | Snake:4  | Killed crabbyslav's ghost
 51192 | Snake:4  | Identified the +5 plate armour of Kikubaaqudgha's Esteem
                  | {Str+2}
 51264 | Snake:2  | Learned a level 7 spell: Spellforged Servitor
 51341 | Shoals:1 | Entered Level 1 of the Shoals
 51609 | Elf:1    | Entered Level 1 of the Elven Halls
 52668 | Elf:1    | Found Kommiz's Magic Scroll Shop.
 52674 | Elf:1    | Bought a scroll of poison for 60 gold pieces
 52674 | Elf:1    | Bought a scroll of silence for 142 gold pieces
 52674 | Elf:1    | Bought a scroll of teleportation for 45 gold pieces
 52674 | Elf:1    | Bought a scroll of noise for 15 gold pieces
 52674 | Elf:1    | Bought a scroll of noise for 15 gold pieces
 52674 | Elf:1    | Bought a scroll of identify for 30 gold pieces
 52725 | Elf:1    | Found Hevvaas's Magic Scroll Boutique.
 52725 | Elf:1    | Found Ganargh's Distillery.
 52947 | Elf:1    | Found a portal to a secret trove of treasure.
 53361 | Elf:1    | Found Dudetita's Jewellery Boutique.
 53369 | Elf:1    | Bought an amulet of magic regeneration for 570 gold pieces
 53375 | Elf:1    | Bought a scroll of fear for 56 gold pieces
 53375 | Elf:1    | Bought a scroll of blinking for 105 gold pieces
 53375 | Elf:1    | Bought a scroll of blinking for 105 gold pieces
 53375 | Elf:1    | Bought 2 scrolls of teleportation for 84 gold pieces
 53377 | Elf:1    | Bought 2 potions of heal wounds for 100 gold pieces
 53377 | Elf:1    | Bought a potion of curing for 30 gold pieces
 53377 | Elf:1    | Bought a potion of curing for 30 gold pieces
 53377 | Elf:1    | Bought a potion of haste for 100 gold pieces
 53377 | Elf:1    | Bought a potion of haste for 100 gold pieces
 53542 | Elf:1    | Found a shimmering blue altar of Sif Muna.
 53859 | Elf:2    | Found a flickering gateway to a bazaar.
 54054 | Elf:2    | Reached XP level 17. HP: 45/86 MP: 26/40
 54358 | Bazaar   | Entered a bazaar
 54449 | Bazaar   | Found Niuhap's Magic Scroll Shoppe.
 54508 | Bazaar   | Found Mobbiank's Jewellery Shoppe.
 54555 | Bazaar   | Found Bonwoemeo's Assorted Antiques.
 54598 | Bazaar   | Found Soup's Magic Scroll Shoppe.
 55010 | Bazaar   | Bought a scroll of amnesia for 40 gold pieces
 55040 | Bazaar   | Bought a scroll of blinking for 97 gold pieces
 55040 | Bazaar   | Bought a scroll of blinking for 97 gold pieces
 55118 | Elf:2    | HP: 3/87 [+0 vorpal flail (18)]
 55118 | Elf:2    | Slain by a +0 vorpal flail
 55119 | Elf:2    | Reached XP level 16. HP: -1/83 MP: 30/39
 55231 | Elf:2    | Offered knowledge of Iskenderun's Battlesphere by Vehumet.
 55295 | Elf:2    | Found a runed translucent gate.
 55300 | Elf:2    | Found a runed translucent gate.
 55301 | Elf:2    | Found a runed translucent gate.
 55303 | Elf:2    | Identified a scroll of acquirement
 56974 | Elf:1    | Found a radiant altar of Vehumet.
 57011 | Elf:3    | Entered Level 3 of the Elven Halls
 57115 | Elf:3    | Found a runed translucent door.
 57115 | Elf:3    | Found a shimmering altar of Xom.
 57115 | Elf:3    | Noticed Kinoniko's ghost (adept MiBe)
 57193 | Elf:3    | Noticed Louise
 57213 | Elf:3    | Killed Louise
 58478 | Elf:3    | Noticed a deep elf blademaster
 58489 | Elf:3    | Killed a deep elf blademaster
 58637 | Elf:3    | Noticed a deep elf blademaster
 58701 | Elf:3    | Noticed a deep elf master archer
 58701 | Elf:3    | Noticed a deep elf blademaster
 58767 | Elf:2    | Noticed Agnes
 62942 | Lair:3   | Acquired the ring "Geskit" {Wiz rF+ Int+4}
 63271 | Vaults:1 | Entered Level 1 of the Vaults
 63619 | Vaults:1 | Offered knowledge of Starburst by Vehumet.
 63632 | Vaults:1 | Reached XP level 17. HP: 88/88 MP: 20/40
 64094 | Vaults:1 | Reached skill level 19 in Spellcasting
 66659 | Vaults:1 | Offered knowledge of Lehudib's Crystal Spear by Vehumet.
 66990 | Vaults:1 | Reached skill level 20 in Spellcasting
 67681 | Vaults:2 | Reached XP level 18. HP: 23/94 MP: 16/43
 67685 | Vaults:2 | Killed from afar by an ironbound frostheart
 67686 | Vaults:2 | Reached XP level 17. HP: -14/89 MP: 19/42
 67735 | Vaults:2 | Upgraded the game from 0.30-a0-304-gdc4b735fe1 to
                  | 0.30-a0-305-g026cb31310
 67793 | Vaults:2 | Found a crumbling gateway.
 67849 | Desolati | Entered the Desolation of Salt
 68257 | Desolati | Identified the ring "Etedoej" {Wiz Str+4}
 68331 | Desolati | Identified the +0 gold dragon scales of the Gastropod
                  | {rPois rF+ rC+ rCorr SInv}
 68377 | Desolati | Found the +1 cloak of Starlight {*Dazzle EV+4 Stlth--}
 68636 | Desolati | Killed from afar by a halazid warlock
 68637 | Desolati | Reached XP level 16. HP: -12/71 MP: 32/41
 68685 | Desolati | Identified the amulet of Beauty {Spirit rF+ rC+ Regen+
                  | Int-4}
 68692 | Desolati | Got the Codex of Venin and Charms
 68695 | Desolati | Got the Secrets of the Nimbus
 68698 | Desolati | Got the Reference Book on Displaced Arcane Weapons
 68700 | Desolati | Identified the ring of the Firefly {Wiz Dex+2}
 68703 | Desolati | Got the Textbook on Blazing Assembling
 68706 | Desolati | Got the Guide on Turbulent Vitiation
 69440 | Desolati | Reached ****** piety under Vehumet
 69456 | Desolati | Offered knowledge of Chain Lightning by Vehumet.
 69456 | Desolati | Offered knowledge of Ignition by Vehumet.
 69456 | Desolati | Offered knowledge of Maxwell's Capacitive Coupling by
                  | Vehumet.
 69826 | Desolati | Reached skill level 21 in Spellcasting
 69951 | Desolati | Reached skill level 1 in Fire Magic
 70029 | Desolati | Killed from afar by a halazid warlock

Illustrated notes

Levels and vault maps discovered:
D:1:      amcnicky_arrival_gap_in_the_tavern_cellar, layout_basic
D:2:      layout_basic, basic_altar, minmay_bisected
D:3:      layout_basic, uniq_robin
D:4:      layout_loops_ring, serial_shops, shop
D:5:      layout_loops_ring, grunt_temple_overflow_champion_of_chaos,
          minmay_temple_entry_junction
D:6:      layout_basic, lemuel_zombie_altar_kikubaaqudgha, enter_ossuary_1
D:7:      layout_basic, mainiacjoe_overflow_surrounded_room
D:8:      layout_gridville, nicolae_vehumet_altar_sigil,
          grunt_lair_entry_orc_guard_hut, serial_shops, kennysheep_mini_moat,
          minmay_misc_feat_more_columns, minmay_misc_feat_enclosed, uniq_joseph
D:9:      wad_woods_minihive, layout_irregular_city, kennysheep_little_box,
          nicolae_tso_carved_into_rock
D:10:     layout_grid_maze, gammafunk_temple_overflow_forgotten,
          nicolae_overflow_hidden_temple, orc_0_dummy,
          chequers_serial_rivers_room_a
D:11:     layout_roguey, kennysheep_generic_room_8, uniq_gastronok, uniq_sonja
D:12:     layout_big_octagon, serial_shops, nicolae_square_shop, uniq_psyche,
          uniq_frances, uniq_fannar, uniq_snorg, uniq_lodul
D:13:     layout_loops_ring, erik_vaults_2, serial_rivers,
          chequers_serial_rivers_marsh, chequers_serial_rivers_marsh,
          chequers_serial_rivers_marsh, chequers_serial_rivers_micro_a,
          chequers_serial_rivers_small_3, amcnicky_mini_corridor_feature
D:14:     minmay_evil_eye, layout_loops_corners, serial_shops, shop,
          minmay_misc_feat_chi, portal_ice_cave_entry_pillars_2,
          gauntlet_entry_generic, uniq_josephine
D:15:     grunt_enter_depths_magical_seal, layout_irregular_city,
          minmay_pinched_square
Temple:   nicolae_temple_ecumenical_triangle
Lair:1:   layout_roguey, lemuel_old_faithful, uniq_grum
Lair:2:   layout_chaotic_city, guppyfry_snake_entry_garden,
          nicolae_quartered_pool_impasse, serial_bayou_shore_b
Lair:3:   layout_hall_layers, shoals_dummy_entry, grunt_megastairs_1, uniq_urug
Lair:4:   layout_regular_city, slime_entry_1, uniq_kirke
Lair:5:   wormcave, layout_concentric_octagons, gammafunk_ghost_grave,
          kennysheep_rathole, infiniplex_staircase_pool_2
Shoals:1: layout_shoals
Snake:1:  layout_gridlike, serial_shops, nicolae_shop_crystal, minmay_shop_grove
Snake:2:  layout_gridlike, gammafunk_ghost_berserking_beasts,
          hangedman_snake_corridor_split, uniq_asterion
Snake:3:  layout_misc_corridors, nicolae_triple_integral, uniq_aizul
Snake:4:  snake_pit, layout_chambers, ebering_ghost_inner_flame, basic_altar,
          lemuel_fruit_tree, minmay_shoptagon
Orc:1:    lemuel_ogre_cave, layout_caves, minmay_orc_keep, uniq_nergalle,
          uniq_jorgrun
Orc:2:    st_orc_town, layout_caves, serial_shops, nicolae_lakefront_shop, shop,
          nicolae_shop_competitors_out_of_business, nicolae_square_shop, shop,
          nicolae_orc_lost_temple, uniq_nessos, uniq_azrael
Elf:1:    eino_elf_arrival_the_gate, layout_rooms, enter_trove_1, basic_altar,
          serial_shops, nicolae_shop_hallway_stairs,
          hangedman_elven_crosses_minicolossus, minmay_shop_star,
          lemuel_upstairs_altar
Elf:2:    elven_hall_of_blades_hangedman_original [mumra_blade_entry_bloodbath],
          layout_onion_city, serial_shops, bzr_entry_gold,
          lemuel_flamethrower_hall, uniq_agnes
Elf:3:    minmay_elf_hall, layout_geoelf_octagon, ebering_ghost_xom,
          st_stairs_7, minivault_5, uniq_louise, uniq_donald
Vaults:1: nicolae_vaults_diagonal_hallway_7, ontoclasm_vaults_bender,
          v_alt_pattern_5, grunt_vaults_funnel, v_misc_16,
          nicolae_vaults_network_star, ontoclasm_vaults_chip,
          vaults_mumra_minichess, vaults_standard_mumra_x,
          vaults_room_semicircle, layout_vaults_omnigrid
Vaults:2: portal_desolation_entry_nicolae_slug, st_octagons_2,
          nicolae_vaults_triangles, vaults_standard_mumra_enter_the_diamond,
          vaults_room_fours, nicolae_vaults_three_branches, v_misc_16,
          hangedman_vaults_corner_blocks, nicolae_vaults_mini_display_case,
          layout_vaults_maze_bifur
Depths:1: layout_gridlike, abyss_entry_crystal, serial_bayou_shore_b, pan_entry,
          grunt_hell_entry_demonic_statue, serial_shops, nicolae_shop_stone,
          grunt_gozag_statues
Desolation

Skill      XL: |  1  2  3  4  5  6  7  8  9 10 11 12 13 14 15 16 17 |
---------------+----------------------------------------------------+-----
Fighting       | 2 3 4 5 9 10 11 12 14 15 17 18 | 18.0
Conjurations   | 1 2 4 5 8 |  8.0
Spellcasting   | 3 4 6 7 10 12 14 15 16 21 20 | 21.0
Dodging        | 3 5 10 14 18 20 | 20.2
Hexes          | 1 4 5 8 9 11 12 13 | 13.0
Summonings     | 4 5 7 9 11 12 | 12.0
Transmutations | 5 8 |  8.0
Fire Magic     | 1 |  1.7
Unarmed Combat | |  3.0

Action                   |  1- 3 |  4- 6 |  7- 9 | 10-12 | 13-15 | 16-18 || total
-------------------------+-------+-------+-------+-------+-------+-------++-------
Melee: Unarmed           |    60 |    90 |   128 |    85 |   323 |   312 ||   998
       Punch             |     2 |     4 |     5 |     4 |    12 |    12 ||    39
       Headbutt          |     6 |    12 |     2 |     7 |       |       ||    27
       Bite              |     4 |     8 |    11 |    13 |    65 |    91 ||   192
 Cast: Beastly Appendage |    11 |    13 |     4 |    10 |     4 |     2 ||    44
       Magic Dart        |    53 |   182 |   108 |    19 |       |       ||   362
       Fulminant Prism   |       |     3 |    91 |   112 |     4 |     3 ||   213
       Tukima's Dance    |       |     2 |    14 |     1 |    54 |    52 ||   123
       Summon Mana Viper |       |       |       |    68 |   290 |   321 ||   679
       Summon Cactus Gia |       |       |       |       |   174 |   242 ||   416
       Ozocubu's Armour  |       |       |       |       |       |    16 ||    16
       Spellforged Servi |       |       |       |       |       |    32 ||    32
       Yara's Violent Un |       |       |       |       |       |     6 ||     6
Evoke: Wand              |       |       |       |       |     2 |       ||     2
  Use: Potion            |       |     3 |     1 |     3 |    12 |    15 ||    34
       Scroll            |       |       |    18 |     2 |    13 |    17 ||    50
 Stab: Sleeping          |     2 |       |       |       |       |       ||     2
       Distracted        |       |       |       |       |    12 |     5 ||    17
Armor: Skin              |     1 |    45 |    23 |     5 |    27 |    12 ||   113
Dodge: Dodged            |    64 |   120 |   146 |   109 |   708 |   764 ||  1911
Block: Other             |       |       |    27 |    24 |   125 |    76 ||   252
       Reflection        |       |       |     2 |       |    15 |    35 ||    52

Table legend: (Time is in decaauts)
 A = Elapsed time spent in this place.
 B = Non-inter-level travel time spent in this place.
 C = Inter-level travel time spent in this place.
 D = Time resting spent in this place.
 E = Time spent auto-exploring this place.
 F = Levels seen in this place.
 G = Mean time per level.
                   A        B        C        D        E       F      G
               +--------+--------+--------+--------+--------+-----+--------+
         Total |  62874 |  58885 |   3989 |  12030 |  24593 |  38 | 1654.6 |
       Dungeon |  23493 |  21238 |   2255 |   4399 |   9000 |  15 | 1566.2 |
        Temple |    163 |    163 |      0 |     94 |     13 |   1 |  163.0 |
          Lair |   9588 |   9013 |    575 |   1425 |   4764 |   5 | 1917.6 |
        Shoals |     13 |     13 |      0 |      0 |      0 |   1 |   13.0 |
     Snake Pit |   9460 |   9140 |    320 |   1009 |   5363 |   4 | 2365.0 |
  Orcish Mines |   3473 |   3237 |    236 |    270 |   2024 |   2 | 1736.5 |
   Elven Halls |   9354 |   8848 |    506 |   3086 |   2301 |   3 | 3118.0 |
        Vaults |   3480 |   3385 |     95 |    654 |    292 |   2 | 1740.0 |
        Depths |      1 |      1 |      0 |      0 |      0 |   1 |    1.0 |
        Bazaar |    604 |    604 |      0 |      0 |    481 |   1 |  604.0 |
       Ossuary |     64 |     64 |      0 |      0 |      0 |   1 |   64.0 |
    Desolation |   1979 |   1979 |      0 |    704 |     90 |   1 | 1979.0 |
      Gauntlet |   1195 |   1195 |      0 |    387 |    260 |   1 | 1195.0 |
               +--------+--------+--------+--------+--------+-----+--------+

Top non-repeatable levels by time:
   Elf:2: 4200 daAuts
   Elf:1: 3579 daAuts
 Snake:4: 3347 daAuts
  Lair:5: 3245 daAuts
Vaults:1: 3204 daAuts
 Snake:2: 2330 daAuts
    D:11: 2212 daAuts
    D:15: 2203 daAuts
  Lair:1: 2190 daAuts
   Orc:2: 2151 daAuts
     D:8: 2065 daAuts
 Snake:3: 2031 daAuts
Desolation: 1979 daAuts
     D:9: 1968 daAuts
  Lair:3: 1796 daAuts
